 Dungeon Crawl Stone Soup version 0.30-a0-930-gb9d0489357 (webtiles) character file.

Game seed: 3019699610977958281

70 CowFu the Conjurer (level 4, -2/33 HPs)
             Began as a Draconian Conjurer on Mar 23, 2023.
             Slain by a gnoll
             ... wielding a +1 halberd of protection
              (10 damage)
             ... on level 2 of the Dungeon.
             The game lasted 00:02:47 (1424 turns).

CowFu the Conjurer (Draconian Conjurer)             Turns: 1424, Time: 00:02:48

Health: -2/33      AC:  5    Str:  9    XL:     4   Next: 4%
Magic:  0/7        EV: 11    Int: 21    God:
Gold:   32         SH:  6    Dex:  9    Spells: 4/7 levels left

rFire   . . .      SeeInvis .    b - +0 spear
rCold   . . .      Faith    .    c - +3 warlock's mirror {omnireflect}
rNeg    . . .      Spirit   .    (body armour unavailable)
rPois   .          Reflect  +    (helmet restricted)
rElec   .          Rampage  .    (no cloak)
rCorr   .                        (no gloves)
Will    .....                    (no boots)
Stlth   ++                       (no amulet)
HPRegen 0.25/turn                (no ring)
MPRegen 0.10/turn                (no ring)

@: no status effects
A: AC +5, unfitting armour, cold-blooded
a: no special abilities


You were on level 2 of the Dungeon.
You visited 1 branch of the dungeon, and saw 2 of its levels.

You collected 32 gold pieces.

Inventory:

Hand Weapons
 b - a +0 spear (weapon)
Armour
 c - the +3 warlock's mirror (worn) {omnireflect}
   (You acquired it on level 1 of the Dungeon)

   Omnireflect: It can block and reflect piercing ranged attacks and magical
   attacks against the wielder's willpower.
Scrolls
 f - 2 scrolls of fear {unknown}
 h - 3 scrolls of identify {unknown}
Potions
 a - a potion of magic
 d - a potion of flight {unknown}
 e - a potion of curing {unknown}
 g - a potion of brilliance {unknown}
 i - a potion of haste {unknown}


   Skills:
 - Level 1.7 Dodging
 - Level 1.7 Stealth
 + Level 1.2 Shields
 - Level 2.0 Spellcasting
 + Level 5.4 Conjurations


You had 4 spell levels left.
You knew the following spells:

 Your Spells              Type           Power      Damage    Failure   Level
a - Magic Dart            Conj           96%        1d7       1%          1
b - Searing Ray           Conj           48%        2d6       3%          2

Your spell library contained the following spells:

 Spells                   Type           Power      Damage    Failure   Level
 Dazzling Flash           Conj/Hex       26%        N/A       19%         3
 Fulminant Prism          Conj/Hex       6%         3d7       54%         4
 Iskenderun's Mystic Bla  Conj/Tloc      13%        2d5       54%         4


Dungeon Overview and Level Annotations

Branches:
Dungeon (2/15)

Altars:


Innate Abilities, Weirdness & Mutations

Your plain brown scales are hard. (AC +5)
You cannot fit into any form of body armour.
You are cold-blooded and may be slowed by cold attacks.


Message History

You miscast Searing Ray.
You are very lightly contaminated with residual magic.
Nothing appears to happen.
Casting: Searing Ray (safe; 3% risk of failure)
Confirm with . or Enter, or press ? or * to list all spells.
Aiming: Magic Dart (safe; 1% risk of failure)
Press: ? - help, Shift-Dir - straight line, f/p - gnoll
Aim: a gnoll, wielding a +1 halberd of protection (moderately wounded, 100% to hit)
The magic dart hits the gnoll!
The gnoll is severely wounded.
You block the gnoll's attack.
The gnoll hits you with a +1 halberd of protection.
You hit the gnoll but do no damage.
The gnoll is severely wounded.
The gnoll hits you with a +1 halberd of protection.
You hit the gnoll but do no damage. You tail-slap the gnoll.
The gnoll is almost dead.
The gnoll barely misses you.
The gnoll hits you with a +1 halberd of protection!
You barely miss the gnoll.
The gnoll is almost dead.
You block the gnoll's attack.
Your magical contamination has completely faded away.
Casting: Magic Dart (safe; 1% risk of failure)
Confirm with . or Enter, or press ? or * to list all spells.
Aiming: Magic Dart (safe; 1% risk of failure)
Press: ? - help, Shift-Dir - straight line, f/p - gnoll
Aim: a gnoll, wielding a +1 halberd of protection (almost dead, 100% to hit)
The magic dart hits the gnoll but does no damage.
The gnoll is almost dead.
You block the gnoll's attack.
You closely miss the gnoll.
You tail-slap the gnoll, but do no damage.
The gnoll is almost dead.
The gnoll hits you with a +1 halberd of protection.
* * * LOW HITPOINT WARNING * * *
You hit the gnoll but do no damage.
The gnoll is almost dead.
The gnoll hits you with a +1 halberd of protection!
You die...

#.
#....#
.
#....#
#....#
#....#
#....#
#....#
####.#
#g#
#@#
#.#
#.#
#.#
#.#
#.+
###


You could see a gnoll.

Vanquished Creatures
  3 gnolls
  A worm (D:2)
  A dart slug (D:1)
  7 bats
  3 endoplasms (D:1)
  2 giant cockroaches (D:1)
  5 goblins
  A hobgoblin (D:1)
  5 kobolds
  3 quokkas
  2 ball pythons (D:1)
  A frilled lizard (D:1)
  4 rats
38 creatures vanquished.

Notes
Turn   | Place    | Note
-------+----------+-------------------------------------------
     0 | D:1      | CowFu the Draconian Conjurer began the quest for the Orb.
     0 | D:1      | Reached XP level 1. HP: 14/14 MP: 3/3
   174 | D:1      | Reached XP level 2. HP: 13/20 MP: 0/5
   634 | D:1      | Reached skill level 5 in Conjurations
   694 | D:1      | Reached XP level 3. HP: 26/26 MP: 2/6
   992 | D:1      | Identified a scroll of acquirement
   996 | D:1      | Acquired the +3 warlock's mirror {omnireflect}
   996 | D:1      | Found the +3 warlock's mirror {omnireflect}
  1016 | D:2      | Learned a level 2 spell: Searing Ray
  1305 | D:2      | Reached skill level 1 in Shields
  1367 | D:2      | Reached XP level 4. HP: 33/33 MP: 1/7
  1424 | D:2      | Slain by a gnoll

Illustrated notes

Levels and vault maps discovered:
D:1:      dpeg_arrival_round_a, layout_rooms, minmay_statues_item
D:2:      layout_basic, nicolae_hexahallways, kennysheep_small_spiral,
          minmay_indecisive_spiral

Skill      XL: |  1  2  3 |
---------------+----------+-----
Conjurations   | 5 |  5.4
Shields        | 1 |  1.2
Dodging        | |  1.7
Stealth        | |  1.7
Spellcasting   | |  2.0

Action                     |  1- 3 |  4- 6 || total
---------------------------+-------+-------++-------
  Melee: Unarmed           |    24 |       ||    24
         Tailslap          |     6 |     2 ||     8
         Spear             |    24 |     5 ||    29
   Cast: Magic Dart        |    76 |     5 ||    81
    Use: Scroll            |     2 |       ||     2
 Armour: Skin              |    17 |       ||    17
  Dodge: Dodged            |    32 |     1 ||    33
  Block: Buckler           |       |     3 ||     3

Table legend: (Time is in decaauts)
 A = Elapsed time spent in this place.
 B = Non-inter-level travel time spent in this place.
 C = Inter-level travel time spent in this place.
 D = Time resting spent in this place.
 E = Time spent auto-exploring this place.
 F = Levels seen in this place.
 G = Mean time per level.
                   A        B        C        D        E       F      G
               +--------+--------+--------+--------+--------+-----+--------+
         Total |   1426 |   1404 |     22 |      0 |   1070 |   2 |  713.0 |
       Dungeon |   1426 |   1404 |     22 |      0 |   1070 |   2 |  713.0 |
               +--------+--------+--------+--------+--------+-----+--------+

Top non-repeatable levels by time:
     D:1: 1029 daAuts
     D:2: 397 daAuts
